 Dungeon Crawl Stone Soup version 0.13-a0-2884-gbbf8bdf (webtiles) character file.

213 Misa the Vexing (level 3, 0/16 HPs)
             Began as a Spriggan Enchanter on Aug 29, 2013.
             Succumbed to a worker ant's poison
             ... on Level 4 of the Dungeon.
             The game lasted 00:13:07 (2867 turns).

Misa the Vexing (Spriggan Enchanter)                Turns: 2867, Time: 00:13:07

HP   0/16        AC  3     Str  5      XL: 3   Next: 96%
MP   3/9         EV 18     Int 14 (16) God:
Gold 147         SH  0     Dex 16      Spells:  2 memorised,  4 levels left

Res.Fire  : . . .   See Invis. : +   a - +1 dagger {=f}
Res.Cold  : . . .   Warding    : .   b - +1 robe
Life Prot.: . . .   Conserve   : .   (shield restricted)
Res.Poison: .       Res.Corr.  : .   (helmet restricted)
Res.Elec. : .       Clarity    : .   (no cloak)
Sust.Abil.: . .     Spirit.Shd : .   (gloves unavailable)
Res.Mut.  : .       Stasis     : .   (boots unavailable)
Res.Rott. : .       Flight     : .   (no amulet)
Saprovore : . . .                    (no ring)
                                     (no ring)

@: mildly poisoned, very quick, slightly resistant to hostile enchantments,
quite stealthy
A: unfitting armour, see invisible, herbivore 3, speed 3, slow metabolism 2
a: no special abilities


You were on level 4 of the Dungeon.
You were full.

You visited 1 branch of the dungeon, and saw 5 of its levels.

You collected 127 gold pieces.

Inventory:

Hand weapons
 a - a +1,+1 dagger (weapon) {=f}
Missiles
 d - 12 darts (quivered)
 h - 19 poisoned needles
Armour
 b - a +1 robe (worn)
Magical devices
 o - a wand of slowing (15) {unknown}
Comestibles
 m - 3 bread rations
Scrolls
 e - 2 scrolls of recharging {unknown}
 g - a scroll of fear {unknown}
 i - 6 scrolls of identify
 k - 2 scrolls of enchant armour {unknown}
 l - 2 scrolls of blinking {unknown}
 p - a scroll of remove curse
 r - a scroll of fog {unknown}
 s - a scroll of random uselessness {unknown}
 t - a scroll of noise {unknown}
Books
 c - a book of Maledictions

   Spells                             Type                      Level
   *Corona                            Hexes                        1
   Sure Blade                         Hexes/Charms                 2
   *Ensorcelled Hibernation           Hexes/Ice                    2
   Confuse                            Hexes                        3
   Enslavement                        Hexes                        4
   Invisibility                       Hexes                        6


   Skills:
 + Level 2.4 Short Blades
 - Level 1.1 Throwing
 - Level 3.0 Dodging
 + Level 4.1 Stealth
 - Level 2.6 Spellcasting
 - Level 4.2 Hexes


You had 4 spell levels left.
You knew the following spells:

 Your Spells              Type           Power        Failure   Level  Hunger
a - Corona                Hex            ##.....      4%          1    #......
b - Ensorcelled Hibernat  Hex/Ice        #.....       17%         2    ##.....


Dungeon Overview and Level Annotations

Branches:
Dungeon (5/27)
 Temple: D:4-7

Altars:

Annotations:
D:4 exclusion: orc wizard


Innate Abilities, Weirdness & Mutations

You are tiny and cannot use many weapons and most armour.
You have supernaturally acute eyesight.
You are a herbivore.
You cover ground extremely quickly.
You need consume almost no food.


Message History

Ouch! The worker ant closely misses you.
Ouch! You feel less confused. The worker ant closely misses you.
You closely miss the worker ant.
The worker ant is moderately wounded.
The worker ant misses you.
You barely miss the worker ant.
The worker ant is moderately wounded.
The worker ant completely misses you.
You hit the worker ant but do no damage.
The worker ant is moderately wounded.
The worker ant completely misses you.
You barely miss the worker ant.
The worker ant is moderately wounded.
* * * LOW HITPOINT WARNING * * *
You feel sick. The worker ant misses you.
You hit the worker ant but do no damage.
The worker ant is moderately wounded.
You die...

..#####.#####.#
#...........##.#
#.#..#####.##.##.#
#.# ##..#%##.# #.#
....#.##.# ..#
....#....### ###
#.#######...#.......
#..
#.#.a...#.#(#.#####.
#.# #.#@###.#.#.#(#
#. #.#
#.#...#.#.#.#.# #.
#.###.#####.#.#.#.#
#.
#...........#....>#
#.
#.######.####.#.###
#. #.# #......#.# #.
#.# #####.##.# #.
#.# #.##.# ## #.#
#....#


You could see a worker ant.

Vanquished Creatures
  An adder (D:2)
  A worm (D:2)
  2 giant geckos (D:2)
  An orc (D:3)
  3 giant cockroaches
  3 hobgoblins (D:1)
  5 jackals
  A quokka (D:2)
  9 bats
  2 giant newts
  8 goblins
  7 kobolds
  A rat (D:1)
44 creatures vanquished.

Notes
Turn   | Place    | Note
--------------------------------------------------------------
     0 | D:1      | Misa, the Spriggan Enchanter, began the quest for the Orb.
     0 | D:1      | Reached XP level 1. HP: 9/9 MP: 4/4
   649 | D:1      | Reached XP level 2. HP: 11/13 MP: 4/6
   667 | D:1      | Learned a level 2 spell: Ensorcelled Hibernation
  1306 | D:2      | Reached XP level 3. HP: 8/16 MP: 1/9
  1506 | D:2      | Reached skill level 4 in Hexes
  2161 | D:4      | Noticed a phantom
  2394 | D:5      | Entered Level 5 of the Dungeon
  2867 | D:4      | Succumbed to a worker ant's poison

Action                   || total
-------------------------++-------
Melee: Dagger            ||   176
       Short sword       ||     1
 Cast: Corona            ||     8
       Ensorcelled Hiber ||    32
  Use: Potion            ||     5
       Scroll            ||     2
 Stab: Sleeping          ||    20
